 Dungeon Crawl Stone Soup version 0.31-a0-1591-g515db51633 (webtiles) character file.

Game seed: 316815609370253578

1733261 tish the Sorcerer (level 27, 224/224 HPs)
             Began as a Barachi Ice Elementalist on Jan 5, 2024.
             Was the Champion of Cheibriados.
             Escaped with the Orb
             ... and 4 runes on Jan 6, 2024!
             The game lasted 05:33:00 (117324 turns).

tish the Sorcerer (Barachi Ice Elementalist)      Turns: 117324, Time: 05:33:01

Health: 224/224    AC: 24    Str: 29    XL:     27
Magic:  55/55      EV: 24    Int: 45    God:    Cheibriados [******]
Gold:   5969       SH: 21    Dex: 29    Spells: 2/72 levels left

rFire   + + .        A - +0 trident of Action {freeze, rC+ Will+}
rCold   + . .        l - +5 kite shield
rNeg    + . .        r - +4 ring mail of Terror {Str+5}
rPois   .            N - +3 hat of Pondering {ponderous, Will+ MP+10 Int+5}
rElec   .            u - +0 cloak of Beogh, Hammering {rF+ Slay+4}
rCorr   .            V - +3 pair of gauntlets of War {Slay+5}
SInv    +            X - +2 pair of boots
Will    ++++.        F - amulet "Coblima" {Acrobat rN+ SInv}
Stlth   +            B - ring of the Jester {rF+ Slay+4}
HPRegen 0.57/turn    x - ring of wizardry
MPRegen 0.34/turn

%: acrobat, wizardry (x1)
@: very slow
A: amphibious, slowness 1, strong legs 2, +LOS, dopey 1, low MP 1, weak 1,
persistent drain
0: Orb of Zot
}: 4/15 runes: serpentine, barnacled, slimy, silver
a: Hop, Renounce Religion, Bend Time, Temporal Distortion, Slouch, Step From
Time


You escaped.
You worshipped Cheibriados.
Cheibriados was exalted by your worship.
You visited 11 branches of the dungeon, and saw 52 of its levels.
You also visited: Ossuary and Bailey.

You collected 10387 gold pieces.
You spent 4418 gold pieces at shops.

Inventory:

Hand Weapons
 t - the +11 rapier "Muneyph" {heavy, rPois rC- rCorr Int+4}
   (You found it on level 3 of the Dungeon)

   Int+4:     It affects your intelligence (+4).
   rC-:       It makes you vulnerable to cold.
   rPois:     It protects you from poison rCorr: It protects you from acid and
   corrosion.
 A - the +0 trident of Action (weapon) {freeze, rC+ Will+}
   (You found it on level 1 of the Snake Pit)

   rC+:       It protects you from cold.
   Will+:     It increases your willpower.
Missiles
 k - 11 throwing nets
Armour
 e - the +18 shield of the Gong {Loud rN+ Will+ rCorr EV-5}
   (You bought it in a shop on level 2 of the Vaults)

   Loud:      It is deafeningly noisy when blocking attacks.
   EV-5:      It affects your evasion (-5).
   rN+:       It protects you from negative energy.
   Will+:     It increases your willpower.
   rCorr:     It protects you from acid and corrosion.
 l - a +5 kite shield (worn)
 r - the +4 ring mail of Terror (worn) {Str+5}
   (You found it on level 2 of the Dungeon)

   Str+5:     It affects your strength (+5).
 u - the +0 cloak of Beogh, Hammering (worn) {rF+ Slay+4}
   (You found it on level 2 of the Orcish Mines)

   Slay+4:    It affects your accuracy & damage with ranged weapons and melee
   (+4).
   rF+:       It protects you from fire.
 N - the +3 hat of Pondering (worn) {ponderous, Will+ MP+10 Int+5}
   (You found it on level 4 of the Vaults)

   Int+5:     It affects your intelligence (+5).
   Will+:     It increases your willpower.
   MP+10:     It affects your magic capacity (+10).
 V - the +3 pair of gauntlets of War (worn) {Slay+5}
   (You bought it in a shop on level 2 of the Vaults)

   Slay+5:    It affects your accuracy & damage with ranged weapons and melee
   (+5).
 X - a +2 pair of boots (worn)
Magical Staves
 m - a staff of air
Jewellery
 x - a ring of wizardry (right hand)
 B - the ring of the Jester (left hand) {rF+ Slay+4}
   (You took it off a frost giant on level 1 of the Depths)

   [ring of slaying]

   Slay+4:    It affects your accuracy & damage with ranged weapons and melee
   (+4).
   rF+:       It protects you from fire.
 D - an amulet of reflection
 F - the amulet "Coblima" (around neck) {Acrobat rN+ SInv}
   (You took it off a vault warden on level 5 of the Vaults)

   [amulet of the acrobat]

   Acrobat:   It increases your evasion while moving and waiting.
   rN+:       It protects you from negative energy.
   SInv:      It lets you see invisible.
 L - a ring of protection from fire
 M - a ring of protection from cold
 Q - a ring of protection from cold
 Y - the ring of Otacun {rPois rN++ Will+ Slay-6}
   (You found it on level 4 of the Snake Pit)

   [ring of poison resistance]

   Slay-6:    It affects your accuracy & damage with ranged weapons and melee
   (-6).
   rPois:     It protects you from poison rN++: It greatly protects you from
   negative energy.
   Will+:     It increases your willpower.
Wands
 a - a wand of charming (34)
 C - a wand of digging (17)
 G - a wand of mindburst (37)
 I - a wand of roots (58)
 W - a wand of acid (26)
Scrolls
 g - 23 scrolls of teleportation
 h - 8 scrolls of blinking
 o - 5 scrolls of revelation
 p - 6 scrolls of fear
 q - a scroll of amnesia
 v - 2 scrolls of silence
 y - 10 scrolls of enchant weapon
 E - 8 scrolls of butterflies
 H - 3 scrolls of brand weapon
 K - 5 scrolls of fog
Potions
 c - 8 potions of resistance
 d - 5 potions of berserk rage
 f - 2 potions of cancellation
 i - 12 potions of might
 j - 2 potions of heal wounds
 n - 6 potions of invisibility
 s - 17 potions of curing
 z - 6 potions of mutation
 J - 4 potions of brilliance
 R - 10 potions of attraction
 S - 5 potions of lignification
 T - 5 potions of ambrosia
 U - 3 potions of enlightenment
Miscellaneous
 w - a phantom mirror
 O - a box of beasts
 P - a condenser vane
 Z - a lightning rod (4/4)


   Skills:
 - Level 20.0 Fighting
 - Level 8.0 Polearms
 - Level 13.0 Armour
 - Level 13.0 Dodging
 - Level 3.0 Stealth
 - Level 13.0 Shields
 - Level 23.0 Spellcasting
 + Level 19.6 Conjurations
 - Level 5.0 Necromancy
 - Level 3.0 Translocations
 + Level 17.7 Fire Magic
 - Level 22.0 Ice Magic
 - Level 15.0 Earth Magic
 - Level 9.8 Invocations


You had 2 spell levels left.
You knew the following spells:

 Your Spells              Type           Power      Damage    Failure   Level
a - Ignition              Fire           59%        3d16      1%          8
b - Vhi's Electric Charg  Tloc/Air       100%       N/A       1%          4
c - Fire Storm            Conj/Fire      60%        8d15      12%         9
d - Sublimation of Blood  Necr           77%        N/A       1%          2
e - Stone Arrow           Conj/Erth      100%       3d13      0%          3
f - Polar Vortex          Ice            64%        12d8*     3%          9
g - Lesser Beckoning      Tloc           100%       N/A       1%          2
h - Blink                 Tloc           100%       N/A       1%          2
i - Bombard               Conj/Erth      59%        9d10      1%          6
j - Fireball              Conj/Fire      60%        3d23      0%          5
k - Irradiate             Conj/Alch      48%        3d27      1%          5
l - Ozocubu's Refrigerat  Ice            64%        4d21      1%          7
m - Lehudib's Crystal Sp  Conj/Erth      59%        10d14     1%          8

Your spell library contained the following spells:

 Spells                   Type           Power      Damage    Failure   Level
 Freeze                   Ice            100%       1d10      0%          1
 Kiss of Death            Conj/Necr      100%       2d13      0%          1
 Magic Dart               Conj           100%       1d8       0%          1
 Sandblast                Erth           100%       2d20      0%          1
 Shock                    Conj/Air       100%       1d9       0%          1
 Sting                    Conj/Alch      100%       1d9       0%          1
 Ensorcelled Hibernation  Hex/Ice        100%       N/A       0%          2
 Momentum Strike          Conj/Tloc      100%       3d10      0%          2
 Static Discharge         Conj/Air       100%       3-8/arc   0%          2
 Apportation              Tloc           100%       N/A       1%          1
 Call Imp                 Summ           100%       N/A       1%          2
 Cigotuvi's Dreadful Rot  Necr/Alch/Air  100%       N/A       1%          2
 Jinxbite                 Hex            100%       N/A       1%          2
 Mercury Vapours          Alch/Air       100%       N/A       1%          2
 Frozen Ramparts          Ice            100%       1d16      0%          3
 Hailstorm                Conj/Ice       100%       3d16      0%          3
 Ozocubu's Armour         Ice            100%       N/A       0%          3
 Passwall                 Erth           100%       N/A       0%          3
 Summon Ice Beast         Ice/Summ       100%       N/A       0%          3
 Brom's Barrelling Bould  Conj/Erth      100%       2d11      0%          4
 Flame Wave               Conj/Fire      100%       2d21      0%          4
 Iskenderun's Battlesphe  Conj           100%       2d15      0%          5
 Call Canine Familiar     Summ           51%        N/A       1%          3
 Dazzling Flash           Conj/Hex       100%       N/A       1%          3
 Fugue of the Fallen      Necr           77%        N/A       1%          3
 Gell's Gravitas          Tloc           68%        N/A       1%          3
 Inner Flame              Hex/Fire       93%        N/A       1%          3
 Mephitic Cloud           Conj/Alch/Air  84%        N/A       1%          3
 Sigil of Binding         Hex            51%        N/A       1%          3
 Swiftness                Air            51%        N/A       1%          3
 Teleport Other           Tloc           68%        N/A       1%          3
 Tukima's Dance           Hex            51%        N/A       1%          3
 Vampiric Draining        Necr           77%        2d11      1%          3
 Volatile Blastmotes      Fire/Tloc      100%       2d18      1%          3
 Anguish                  Hex/Necr       32%        N/A       1%          4
 Animate Armour           Summ/Erth      100%       N/A       1%          4
 Animate Dead             Necr           77%        N/A       1%          4
 Dimensional Bullseye     Hex/Tloc       30%        N/A       1%          4
 Dispel Undead            Necr           77%        3d25      1%          4
 Ignite Poison            Fire/Alch      93%        N/A       1%          4
 Iskenderun's Mystic Bla  Conj/Tloc      100%       2d19      1%          4
 Leda's Liquefaction      Alch/Erth      43%        N/A       1%          4
 Manifold Assault         Tloc           68%        N/A       1%          4
 Martyr's Knell           Necr/Summ      65%        N/A       1%          4
 Passage of Golubria      Tloc           68%        N/A       1%          4
 Petrify                  Alch/Erth      87%        N/A       1%          4
 Sticky Flame             Fire/Alch      93%        2d14      1%          4
 Arcjolt                  Conj/Air       48%        1d58      1%          5
 Borgnjor's Vile Clutch   Necr/Erth      48%        N/A       1%          5
 Freezing Cloud           Conj/Ice/Air   54%        6-21      1%          5
 Lee's Rapid Deconstruct  Erth           56%        3d26*     1%          5
 Metabolic Englaciation   Hex/Ice        50%        N/A       1%          5
 Plasma Beam              Fire/Air       46%        2x1d61    1%          6
 Sculpt Simulacrum        Ice/Alch       50%        N/A       1%          6
 Starburst                Conj/Fire      60%        6d16      1%          6
 Airstrike                Air            25%        2d(4-20)  2%          4
 Cause Fear               Hex            25%        N/A       2%          4
 Olgreb's Toxic Radiance  Alch           51%        N/A       2%          4
 Summon Lightning Spire   Summ/Air       51%        N/A       2%          4
 Death Channel            Necr           38%        N/A       4%          6
 Spellforged Servitor     Conj/Summ      48%        N/A       4%          7
 Alistair's Intoxication  Alch           34%        N/A       7%          5
 Silence                  Hex/Air        25%        N/A       7%          5
 Yara's Violent Unravell  Hex/Alch       25%        3d11      7%          5
 Dispersal                Tloc           34%        N/A       12%         6
 Shatter                  Erth           56%        3d42*     45%         9
 Enfeeble                 Hex            25%        N/A       88%         7
 Monstrous Menagerie      Summ           25%        N/A       88%         7
 Summon Hydra             Summ           25%        N/A       88%         7
 Chain Lightning          Conj/Air       48%        3d64      98%         9
 Disjunction              Tloc           34%        N/A       99%         8
 Discord                  Hex            25%        N/A       100%        8
 Maxwell's Capacitive Co  Air            25%        ∞         100%        8
 Dragon's Call            Summ           25%        N/A       100%        9


Dungeon Overview and Level Annotations

Branches:
Dungeon (15/15)            Temple (1/1) D:5            Lair (5/5) D:8
 Shoals (4/4) Lair:2        Snake (4/4) Lair:2        Slime (5/5) Lair:4
    Orc (2/2) D:10            Elf (2/3) Orc:2        Vaults (5/5) D:13
  Crypt (0/3) Vaults:2     Depths (4/4) D:15            Zot (5/5) Depths:4
Ossuary (visited)          Bailey (visited)

Altars:
Ashenzari
Cheibriados
Dithmenos
Elyvilon
Fedhas
Gozag
Hepliaklqana
Kikubaaqudgha
Makhleb
Nemelex Xobeh
Okawaru
Qazlal
Ru
Sif Muna
Trog
Uskayaw
Vehumet
Wu Jian
Xom
Yredelemnul
Zin
The Shining One
Jiyva

Shops:
D:8 *:[   D:13 =   Orc:1 :   Orc:2 =(?:   Elf:2 [   Snake:2 !:   Snake:4 [[
Vaults:2 (**[   Vaults:3 !   Vaults:4 =   Depths:4 *

Portals:
Hell: Depths:1 Depths:2 Depths:3 Depths:4
Abyss: Depths:3
Pandemonium: Depths:2
Ziggurat: Depths:4
Trove: D:13 (give 6 scrolls of fog)

Annotations:
D:15 exclusion: statue
Shoals:1 1 runed translucent door, Jaluenn's ghost, adept FoFi
Shoals:3 3 runed translucent doors, Sp3rw3r's ghost, journeyman MiFi
Zot:3 1 runed translucent door, Ryuz's ghost, legendary MeAl


Innate Abilities, Weirdness & Mutations

You are amphibious.
You cover ground slowly.
You can hop long distances.
You have an extended range of vision and can be seen from far away.
You are dopey. (Int -2)
Your magical capacity is low. (-10% MP)
You are weak. (Str -2)
Your health recovers twice as slowly from being drained.


Message History

Casting: Sublimation of Blood (safe; 1% risk of failure)
Confirm with . or Enter, or press ? or * to list all spells.
You draw magical energy from your own body!
You climb upwards.
There is a stone staircase leading down here.
You see here a +0 robe.
What level of the Dungeon? (default 1, ? - help)
You enter the deep water.
You enter the shallow water.
There is a stone staircase leading up here.
You climb upwards.
There is a stone staircase leading down here.
HP restored.
Things that are here:
a +0 robe; a +0 scythe
There is a stone staircase leading up here.
You climb upwards.
There is a stone staircase leading down here.
Magic restored.
There is a stone staircase leading up here.
You climb upwards.
There is a stone staircase leading down here.
A Tzitzimitl comes into view.
Blink to where?
Press: ? - help, Dir - move target
As you read the scroll of blinking, it crumbles to dust.
An Orb Guardian comes into view.
You climb upwards.
There is a stone staircase leading down here.
What level of the Dungeon? (default 1, ? - help)
There is an open door here.
A cherub comes into view.
It is wielding a +4 falchion of flaming.
Aiming: Dig
Press: ? - help, Shift-Dir - straight line A rock wall.
The rock shatters into small pieces.
Blink to where?
Press: ? - help, Dir - move target
As you read the scroll of blinking, it crumbles to dust.
You have escaped!

.+.............#........#........
.##.....########........######...
###.#+#.########........# #...
#.#.#.##.....#........# #...
###.#.#..'.....'........# #...
....#.####.....#........# #...
#..##.# #..8..#........# #...
##.##.## #.....#.###'###########.
#.....# #......@'.#.A# #........
#####..#######'.##'##.# #........
....#....(..#...'..##.###........
###.##.####.#...#..#.............
# #.##...##.#...####.####........
# #.####....#####....# ##.####..
# #.# ####.......#..# #.# #.. #
#.# ######.##..#####.# #.. # #.#
####.###....##+## #..


There were no monsters in sight!

Vanquished Creatures
  the Royal Jelly (Slime:5)
  5 dread liches
  3 orbs of fire (Zot:5)
  5 ancient liches
  A pandemonium lord (D:15)
  Boris (twice) (Vaults:4 Depths:2)
  3 Killer Klowns
  Saint Roka (Vaults:3)
  Bai Suzhen (Snake:4)
  The ghost of Hauff the Metallomancer, a veteran GrEE of Ashenzari (Depths:3)
  A curse toe (Zot:5)
  Nikola (Shoals:1)
  A bone dragon (Depths:4)
  7 golden dragons
  5 electric golems
  Norris (Vaults:4)
  A Tzitzimitl (D:15)
  Jorgrun (D:14)
  26 Orb Guardians
  A Brimstone Fiend (D:15)
  3 liches
  A Hell Sentinel (D:12)
  18 tentacled monstrosities
  10 quicksilver dragons
  9 titans
  A walking frostbound tome (Depths:4)
  A deep elf master archer (Depths:2)
  A kraken (Shoals:4)
  25 acid blobs
  7 sphinxes
  8 death cobs
  7 tengu reavers
  Aizul (Snake:1)
  Agnes (D:15)
  6 nagarajas (Snake:4)
  15 storm dragons
  Roxanne (Shoals:3)
  13 rockslimes
  7 shadow dragons
  13 azure jellies
  2 draconian monks
  6 draconian knights
  4 protean progenitors
  9 frost giants
  10 fire giants
  5 deep elf sorcerers
  A balrug (Depths:2)
  2 deep elf elementalists (Elf:1)
  9 vault wardens
  A ghost moth (Zot:4)
  Louise (Shoals:1)
  8 draconian shifters
  4 draconian stormcallers
  The ghost of James the Slicer, a journeyman GnWn of Okawaru (Orc:2)
  An angel (D:6)
  2 iron dragons
  5 draconian scorchers
  10 draconian annihilators
  3 orc warlords
  14 quicksilver oozes
  16 ironbound preservers
  A cacodemon (D:15)
  7 formless jellyfish
  9 ironbound thunderhulks
  23 very ugly things
  18 stone giants
  4 deep elf annihilators
  11 black draconians
  Nessos (D:15)
  A deep elf death mage (Vaults:5)
  3 deep elf demonologists (Vaults:5)
  3 vampire knights
  6 green draconians
  10 red draconians
  9 white draconians
  7 war gargoyles
  6 purple draconians
  14 yellow draconians
  13 dire elephants
  9 ettins
  9 spark wasps
  9 merfolk javelineers
  An eidolon (Depths:4)
  5 deep elf high priests
  10 fire dragons
  2 entropy weavers
  The ghost of tish the Destroyer, a journeyman DrCj of Ashenzari (Lair:2)
  Harold (Orc:1)
  15 yaktaur captains
  Erica (D:8)
  9 great orbs of eyes
  9 merfolk impalers
  2 hell beasts
  3 salamander tyrants (Snake:4)
  7 hydras
  9 ice dragons
  3 rakshasas
  9 anacondas
  3 ogre magi
  4 spriggan air magi (Depths:2)
  2 peacekeepers
  44 vault guards
  7 centaur warriors
  6 merfolk avatars
  2 catoblepae
  12 ironbound frosthearts
  4 boulder beetles
  12 naga warriors
  2 satyrs (Shoals:4)
  An alligator snapping turtle (Shoals:3)
  31 dancing weapons
  2 death knights (Vaults:2)
  10 two-headed ogres
  5 merfolk aquamancers (Shoals:4)
  7 deep troll shamans
  2 two-headed ogres (shapeshifter)
  5 tengu warriors
  A vampire mage (Depths:3)
  3 deep troll earth magi
  Urug (D:13)
  A hell hog (Depths:4)
  10 naga sharpshooters
  2 occultists
  4 spriggan berserkers
  12 shock serpents
  5 orc high priests
  A sun demon (D:8)
  19 deep elf knights
  10 hell knights
  5 skeletal warriors (D:12)
  Sonja (Lair:4)
  A soul eater (Depths:2)
  Nergalle (Orc:1)
  2 sixfirhies
  8 skysharks
  A fire crab (shapeshifter) (D:13)
  2 shadow wraiths
  3 salamander mystics
  9 iron trolls
  2 goliath frogs
  4 sea snakes
  2 shadow demons (Depths:2)
  A flayed ghost (Vaults:3)
  A deep troll (shapeshifter) (Vaults:5)
  3 glowing orange brains
  6 arcanists
  5 naga ritualists
  7 mana vipers
  40 deep trolls
  7 deep elf archers
  A quicksilver dragon simulacrum (Depths:4)
  16 ironbound convokers
  6 phantasmal warriors (Vaults:5)
  5 necromancers
  20 deep elf pyromancers
  6 lindwurms
  5 lightning spires (Zot:1)
  12 orc knights
  A human zombie (Vaults:3)
  12 deep elf zephyrmancers
  9 harpies (Shoals:4)
  A wolf spider zombie (D:15)
  28 ugly things
  4 cyclopes
  9 manticores
  10 shining eyes
  19 orc sorcerers
  6 fauns
  12 salamanders
  20 vault sentinels
  12 meliai
  23 moths of wrath
  2 kobold blastminers
  29 elephants
  3 human skeletons
  30 black mambas
  8 merfolk sirens
  14 naga magi
  21 cane toads
  2 eyes of devastation
  4 gargoyles
  6 guardian serpents
  A smoke demon (Depths:2)
  7 water nymphs (Shoals:2)
  2 orange demons (D:15)
  Maggie (D:6)
  6 kobold demonologists
  A hellion (Depths:4)
  Jeremiah (D:6)
  2 efreet (D:15)
  2 rime drakes
  A yaktaur (shapeshifter) (Elf:1)
  A centaur skeleton (D:15)
  3 tengu conjurers
  8 komodo dragons
  26 yaktaurs
  An ice devil (D:10)
  A queen bee (Depths:2)
  6 trolls
  36 merfolk
  2 hornets
  A tyrant leech (Lair:5)
  4 wind drakes
  2 polar bears (Lair:4)
  A snapping turtle (shapeshifter) (Depths:2)
  A tarantella (Vaults:2)
  A deep troll zombie (Vaults:5)
  4 glass eyes
  3 dream sheep (Shoals:4)
  26 blink frogs
  9 snapping turtles
  2 shadows
  Sigmund (D:4)
  2 spriggans
  A frost giant simulacrum (Vaults:3)
  2 air elementals
  A culicivora (Vaults:2)
  32 yaks
  131 slime creatures
  6 wyverns
  5 basilisks
  3 wraiths
  A yak (shapeshifter) (Vaults:5)
  A human (D:13)
  15 water elementals
  A fire elemental (Elf:2)
  24 vampire mosquitoes
  2 wargs
  10 golden eyes
  4 redbacks
  38 nagas
  5 water moccasins
  2 acid dragons
  Duvessa (D:6)
  A sky beast (D:6)
  A black bear (D:8)
  20 orc warriors
  An ettin simulacrum (Vaults:5)
  3 boggarts (Vaults:1)
  14 ogres
  7 centaurs
  19 wolves
  7 kobold brigands
  A phantom (D:5)
  A weeping skull (D:6)
  11 gnoll sergeants
  12 bullfrogs
  2 earth elementals
  A scorpion (D:6)
  16 wights
  Dowan (D:6)
  3 killer bees (D:9)
  2 electric eels (Lair:5)
  7 howler monkeys
  7 hounds
  A jelly (D:6)
  26 orc priests
  3 centaur zombies
  9 gnoll boudas
  A sleepcap (D:4)
  5 iguanas
  6 hell rats (Lair:5)
  42 orc wizards
  4 crocodile zombies (Ossuary)
  3 mummies (Ossuary)
  27 gnolls
  3 river rats (D:5)
  6 adders
  2 white imps (D:6)
  4 ufetubi
  2 ribbon worms
  5 dart slugs
  108 orcs
  9 ball pythons
  5 endoplasms
  4 giant cockroaches
  2 gnoll zombies (Ossuary)
  11 goblins
  6 hobgoblins
  7 jackals
  7 quokkas
  6 bats
  5 frilled lizards
  40 kobolds
  3 kobold zombies (Ossuary)
  5 rats (D:2)
  A spectral goblin (D:9)
  A spectral orc (D:6)
  4 aspiring fleshes
  A butterfly (Depths:1)
  2 tentacles (Shoals:4)
2250 creatures vanquished.

Vanquished Creatures (others)
  A draconian shifter (Zot:1)
  A draconian stormcaller (Zot:1)
  A merfolk aquamancer (Shoals:1)
  A deep elf knight (Elf:1)
  A deep elf zephyrmancer (Elf:1)
  A moth of wrath (Zot:1)
  A naga (Snake:3)
  An orc wizard (Orc:1)
  An orc (Orc:2)
  A kobold (D:13)
  5 tentacles (Shoals:4)
15 creatures vanquished.

Grand Total: 2265 creatures vanquished

Notes
Turn   | Place    | Note
-------+----------+-------------------------------------------
     0 | D:1      | tish the Barachi Ice Elementalist began the quest for the
                  | Orb.
     0 | D:1      | Reached XP level 1. HP: 13/13 MP: 3/3
    54 | D:1      | Reached skill level 3 in Spellcasting
    54 | D:1      | Reached XP level 2. HP: 12/19 MP: 0/6
   245 | D:1      | Reached skill level 5 in Ice Magic
   341 | D:1      | Reached skill level 1 in Fighting
   410 | D:1      | Reached XP level 3. HP: 27/27 MP: 0/7
   652 | D:1      | Learned a level 3 spell: Frozen Ramparts
   656 | D:1      | Learned a level 3 spell: Ozocubu's Armour
  1352 | D:2      | You fall into a shaft and drop 2 floors!
  1408 | D:4      | Reached XP level 4. HP: 34/34 MP: 2/8
  1787 | D:2      | Found a shadowy altar of Dithmenos.
  2050 | D:2      | Identified the +4 ring mail of Terror {Str+5}
  2132 | D:2      | Reached XP level 5. HP: 41/41 MP: 7/9
  2565 | D:3      | Found a faded altar of an unknown god.
  3015 | D:3      | Found a glowing golden altar of the Shining One.
  3138 | D:3      | Found a burning altar of Makhleb.
  3431 | D:3      | Identified the +11 rapier "Muneyph" {heavy, rPois rC- rCorr
                  | Int+4}
  3587 | D:4      | Noticed Sigmund
  3602 | D:4      | Killed Sigmund
  3603 | D:4      | Reached XP level 6. HP: 25/48 MP: 1/10
  4042 | D:4      | Reached XP level 7. HP: 55/55 MP: 7/11
  4242 | D:4      | Found an iron altar of Okawaru.
  4304 | D:5      | Entered Level 5 of the Dungeon
  4396 | D:5      | Reached skill level 5 in Fighting
  4959 | D:5      | Found a staircase to the Ecumenical Temple.
  4974 | Temple   | Entered the Ecumenical Temple
  5041 | D:5      | Found a snail-covered altar of Cheibriados.
  5045 | D:5      | Became a worshipper of Cheibriados the Contemplative
  5151 | D:5      | Learned a level 3 spell: Hailstorm
  5165 | D:5      | Reached skill level 1 in Conjurations
  5165 | D:5      | Reached XP level 8. HP: 59/62 MP: 5/12
  5856 | D:6      | Found a bloodstained altar of Trog.
  5916 | D:6      | Noticed Duvessa
  5916 | D:6      | Noticed Dowan
  5927 | D:6      | Killed Duvessa
  5944 | D:6      | Killed Dowan
  5999 | D:6      | Noticed a shadow
  6018 | D:6      | Killed a shadow
  6223 | D:6      | Noticed Jeremiah
  6238 | D:6      | Killed Jeremiah
  6239 | D:6      | Reached XP level 9. HP: 48/69 MP: 10/13
  6309 | D:6      | Learned a level 3 spell: Stone Arrow
  6339 | D:6      | Reached * piety under Cheibriados
  6342 | D:6      | Reached skill level 1 in Earth Magic
  6807 | D:6      | Found a basalt altar of Yredelemnul.
  6858 | D:6      | Noticed Maggie
  6866 | D:6      | Killed Maggie
  6867 | D:6      | Reached skill level 4 in Spellcasting
  7247 | D:7      | Found a sand-covered staircase.
  7251 | Ossuary  | Entered an ossuary
  7516 | Ossuary  | Reached skill level 5 in Spellcasting
  7680 | D:7      | Reached ** piety under Cheibriados
  8036 | D:7      | Found a broken altar of Ashenzari.
  8149 | D:7      | Reached skill level 6 in Spellcasting
  8149 | D:7      | Reached XP level 10. HP: 70/79 MP: 14/19
  8485 | D:7      | Reached skill level 5 in Earth Magic
  8605 | D:7      | Found an opulent altar of Gozag.
  9269 | D:8      | Found Coviob's Book Shop.
  9270 | D:8      | Found Savies's Antique Armour Shoppe.
  9270 | D:8      | Found Syeqeg's Assorted Antiques.
  9339 | D:8      | Bought a book of Spatial Translocations for 234 gold pieces
  9346 | D:8      | Learned a level 3 spell: Summon Ice Beast
  9349 | D:8      | Learned a level 2 spell: Lesser Beckoning
  9369 | D:8      | Reached skill level 1 in Translocations
  9378 | D:8      | Reached *** piety under Cheibriados
  9590 | D:8      | Found a staircase to the Lair.
  9629 | D:8      | Noticed an elephant
  9643 | D:8      | Killed an elephant
 10261 | D:8      | Reached skill level 1 in Invocations
 10493 | D:8      | Noticed Erica
 10498 | D:8      | Killed Erica
 10782 | Lair:1   | Entered Level 1 of the Lair of Beasts
 10793 | Lair:1   | Noticed a black mamba
 10825 | Lair:1   | Killed a black mamba
 10825 | Lair:1   | Reached **** piety under Cheibriados
 11016 | D:9      | Learned a level 2 spell: Blink
 11050 | D:9      | Reached skill level 7 in Spellcasting
 11050 | D:9      | Reached XP level 11. HP: 87/87 MP: 17/21
 11733 | D:9      | Reached skill level 5 in Invocations
 11889 | D:9      | Found a stormy altar of Qazlal.
 11939 | D:9      | Noticed a deep elf pyromancer
 11954 | D:9      | Killed a deep elf pyromancer
 12055 | D:9      | Found a hazy altar of Hepliaklqana.
 12590 | D:10     | Entered Level 10 of the Dungeon
 12719 | D:10     | Noticed a two-headed ogre
 12729 | D:10     | Killed a two-headed ogre
 12994 | D:10     | Found a flagged portal.
 13039 | Bailey   | Entered a bailey
 13044 | Bailey   | Reached ***** piety under Cheibriados
 14012 | D:10     | Found a staircase to the Orcish Mines.
 14100 | D:10     | Noticed a two-headed ogre
 14108 | D:10     | Killed a two-headed ogre
 14458 | D:8      | Bought a book of the Earth for 468 gold pieces
 14542 | Lair:1   | Reached XP level 12. HP: 97/97 MP: 6/22
 14748 | Lair:1   | Reached ****** piety under Cheibriados
 15165 | Lair:1   | Reached skill level 10 in Fighting
 15312 | Lair:1   | Found a shimmering altar of Xom.
 15701 | Lair:1   | Learned a level 6 spell: Bombard
 15702 | Lair:2   | Noticed a seven-headed hydra
 15714 | Lair:2   | Killed a seven-headed hydra
 15715 | Lair:2   | Reached skill level 8 in Spellcasting
 15798 | Lair:2   | Noticed an eight-headed hydra
 15798 | Lair:2   | Noticed a skyshark
 15806 | Lair:2   | Killed an eight-headed hydra
 15809 | Lair:2   | Killed a skyshark
 15907 | Lair:2   | Found a staircase to the Shoals.
 16176 | Lair:2   | Noticed an eight-headed hydra
 16189 | Lair:2   | Killed an eight-headed hydra
 16190 | Lair:2   | Reached skill level 9 in Spellcasting
 16449 | Lair:2   | Found a staircase to the Snake Pit.
 16619 | Lair:2   | Found a runed translucent door.
 16622 | Lair:2   | Noticed tish's ghost (journeyman DrCj)
 17131 | Lair:2   | Reached skill level 10 in Spellcasting
 17326 | Lair:2   | Noticed a catoblepas
 17333 | Lair:2   | Killed a catoblepas
 17334 | Lair:2   | Gained mutation: You can hop long distances. [Barachi
                  | growth]
 17334 | Lair:2   | Reached XP level 13. HP: 99/103 MP: 8/27
 17907 | Lair:2   | Killed tish's ghost
 18105 | Lair:2   | Identified the +4 hand cannon of Internal Strife
                  | {antimagic, rPois Will- rCorr Str+3}
 18211 | Lair:3   | Reached skill level 5 in Armour
 18620 | Lair:3   | Identified the +0 plate armour "Ocasoes" {Str+5}
 19550 | Lair:4   | Reached skill level 5 in Dodging
 19776 | Lair:4   | Found a viscous altar of Jiyva.
 19777 | Lair:4   | Found a staircase to the Slime Pits.
 19832 | Lair:4   | Reached skill level 10 in Conjurations
 19902 | Lair:4   | Reached skill level 10 in Earth Magic
 20012 | Lair:4   | Noticed Sonja
 20025 | Lair:4   | Killed Sonja
 20516 | Lair:4   | Noticed a dire elephant
 20527 | Lair:4   | Killed a dire elephant
 20941 | Lair:4   | Reached XP level 14. HP: 107/113 MP: 15/28
 22118 | Lair:5   | Entered Level 5 of the Lair of Beasts
 23077 | Lair:5   | Reached XP level 15. HP: 120/120 MP: 29/29
 23754 | Lair:5   | Reached skill level 11 in Spellcasting
 24998 | Orc:1    | Entered Level 1 of the Orcish Mines
 25002 | Orc:1    | Noticed Nergalle
 25167 | Orc:1    | Killed Nergalle
 26024 | Orc:1    | Noticed Harold
 26036 | Orc:1    | Killed Harold
 26167 | Orc:1    | Found Xofoiz's Book Shop.
 26202 | Orc:1    | Bought a book of the Dragon for 630 gold pieces
 26208 | Orc:1    | Learned a level 5 spell: Fireball
 26453 | Orc:2    | Entered Level 2 of the Orcish Mines
 27488 | Orc:2    | Found a staircase to the Elven Halls.
 28186 | Orc:2    | Found a runed translucent door.
 28195 | Orc:2    | Found a shimmering altar of Xom.
 28195 | Orc:2    | Noticed James's ghost (journeyman GnWn)
 28349 | Orc:2    | Killed James's ghost
 28447 | Orc:2    | Got the Lessons on Misfortune
 28451 | Orc:2    | Identified the +0 cloak of Beogh, Hammering {rF+ Slay+4}
 28714 | Orc:2    | Found a radiant altar of Vehumet.
 28731 | Orc:2    | Reached XP level 16. HP: 77/130 MP: 3/31
 29023 | Orc:2    | Found Gupocsar's Book Emporium.
 29093 | Orc:2    | Bought a book of Transmutation for 392 gold pieces
 29096 | Orc:2    | Learned a level 2 spell: Sublimation of Blood
 29101 | Orc:2    | Learned a level 4 spell: Petrify
 29107 | Orc:2    | Learned a level 5 spell: Irradiate
 29460 | Orc:2    | Paralysed by an orc sorcerer for 2 turns
 29649 | Orc:2    | Found Orghy's Antique Weapon Emporium.
 29649 | Orc:2    | Found Bum Maiq's Magic Scroll Shoppe.
 29714 | Orc:2    | Found Zusmae's Jewellery Emporium.
 29740 | Orc:2    | Found an ancient bone altar of Kikubaaqudgha.
 31233 | D:12     | Reached skill level 10 in Dodging
 32885 | D:13     | Reached skill level 12 in Spellcasting
 34330 | D:13     | Found Duuciese's Jewellery Shoppe.
 34386 | D:13     | Noticed Urug
 34397 | D:13     | Killed Urug
 34575 | D:13     | Reached skill level 1 in Fire Magic
 34992 | D:13     | Found a gate to the Vaults.
 35136 | D:13     | Found a portal to a secret trove of treasure.
 35183 | D:14     | Noticed Jorgrun
 35729 | Snake:1  | Entered Level 1 of the Snake Pit
 36787 | Snake:1  | Reached skill level 15 in Fighting
 37122 | Snake:1  | Identified a scroll of acquirement
 37141 | Snake:1  | Reached skill level 13 in Spellcasting
 37290 | Snake:1  | Acquired 1177 gold pieces
 37297 | Snake:1  | Identified the serpent talisman of the Hurricane {rElec rC+
                  | Stlth+}
 37297 | Snake:1  | Noticed Aizul
 37345 | Snake:1  | Acquired 884 gold pieces
 37760 | Snake:1  | Identified the +0 trident of Action {freeze, rC+ Will+}
 37814 | Snake:1  | Killed Aizul
 37815 | Snake:1  | Reached XP level 17. HP: 83/142 MP: 9/34
 39310 | Snake:2  | Reached skill level 5 in Fire Magic
 39593 | Snake:2  | Reached skill level 14 in Spellcasting
 39676 | Snake:2  | Found Raawat's Book Shop.
 39677 | Snake:2  | Found Zeeliaf's Distillery.
 39690 | Snake:2  | Bought a potion of enlightenment for 85 gold pieces
 41000 | Snake:3  | Reached skill level 1 in Shields
 42305 | Snake:4  | Entered Level 4 of the Snake Pit
 42342 | Snake:4  | Reached skill level 15 in Spellcasting
 43089 | Snake:4  | Noticed Bai Suzhen
 43249 | Snake:4  | Found Retiz's Antique Armour Emporium.
 43255 | Snake:4  | Found Fuppuem's Armour Emporium.
 43323 | Snake:4  | Killed Bai Suzhen
 43612 | Snake:4  | Reached skill level 5 in Shields
 43829 | Snake:4  | Noticed a quicksilver dragon
 44713 | Snake:4  | Identified the ring of Otacun {rPois rN++ Will+ Slay-6}
 44923 | Snake:4  | Learned a level 7 spell: Ozocubu's Refrigeration
 45325 | Snake:4  | Killed a quicksilver dragon
 45326 | Snake:4  | Reached XP level 18. HP: 118/149 MP: 27/37
 45750 | Snake:4  | Got a serpentine rune of Zot
 46416 | D:14     | Reached skill level 10 in Ice Magic
 46784 | D:14     | Killed Jorgrun
 47549 | Shoals:1 | Entered Level 1 of the Shoals
 47984 | Shoals:1 | Noticed Nikola
 48129 | Shoals:1 | Noticed Louise
 48134 | Shoals:1 | Killed Louise
 48386 | Shoals:1 | Found a runed translucent door.
 48388 | Shoals:1 | Noticed Jaluenn's ghost (adept FoFi)
 48839 | Shoals:1 | Killed Nikola
 50062 | Shoals:2 | Reached skill level 10 in Fire Magic
 51094 | Shoals:3 | Noticed Roxanne
 51311 | Shoals:3 | Killed Roxanne
 52179 | Shoals:3 | Found a runed translucent gate.
 52180 | Shoals:3 | Found a runed translucent gate.
 52181 | Shoals:3 | Found a runed translucent gate.
 52410 | Shoals:3 | Noticed Sp3rw3r's ghost (journeyman MiFi)
 52999 | Shoals:4 | Entered Level 4 of the Shoals
 54635 | Shoals:4 | Reached skill level 16 in Spellcasting
 54872 | Shoals:4 | Reached XP level 19. HP: 33/157 MP: 10/39
 56293 | Shoals:4 | Got a barnacled rune of Zot
 56588 | Shoals:4 | Identified the +4 scale mail of Xom's Wrath {rCorr Slay+2}
 56874 | D:15     | Entered Level 15 of the Dungeon
 56874 | D:15     | Noticed Nessos
 56882 | D:14     | Reached skill level 17 in Spellcasting
 56993 | D:15     | Killed Nessos
 57191 | D:15     | Found a radiant altar of Vehumet.
 57257 | D:15     | Noticed Agnes
 57261 | D:15     | Killed Agnes
 57610 | D:15     | Found a staircase to the Depths.
 58518 | Vaults:1 | Entered Level 1 of the Vaults
 60242 | Vaults:1 | Reached skill level 18 in Spellcasting
 62086 | Vaults:2 | Found Weqeh's Armour Emporium.
 62097 | Vaults:2 | Bought the +3 pair of gauntlets of War {Slay+5} for 760
                  | gold pieces
 62097 | Vaults:2 | Found the +3 pair of gauntlets of War {Slay+5}
 62097 | Vaults:2 | Bought the +18 shield of the Gong {Loud rN+ Will+ rCorr
                  | EV-5} for 1534 gold pieces
 62097 | Vaults:2 | Found the +18 shield of the Gong {Loud rN+ Will+ rCorr
                  | EV-5}
 62459 | Vaults:2 | Learned a level 8 spell: Lehudib's Crystal Spear
 63715 | Vaults:2 | Reached XP level 20. HP: 164/164 MP: 12/42
 64754 | Vaults:2 | Found a staircase to the Crypt.
 64890 | Vaults:2 | Found Azxytedd's General Store.
 65502 | Vaults:2 | Reached skill level 1 in Polearms
 65917 | Vaults:2 | Found Panaojex's Weapon Shoppe.
 66637 | Vaults:2 | Found Duhoyscho's General Store.
 67068 | Vaults:3 | Reached skill level 5 in Polearms
 67218 | Vaults:3 | Found Cuadap's Distillery.
 67227 | Vaults:3 | Bought a potion of magic for 96 gold pieces
 67227 | Vaults:3 | Bought a potion of curing for 36 gold pieces
 67227 | Vaults:3 | Bought a potion of might for 48 gold pieces
 70325 | Vaults:3 | Noticed Saint Roka
 70767 | Vaults:3 | Reached skill level 19 in Spellcasting
 70780 | Vaults:3 | Reached XP level 21. HP: 128/171 MP: 13/44
 70861 | Vaults:3 | Gained mutation: You are vulnerable to cold. (rC-) [a
                  | neqoxec]
 70866 | Vaults:3 | Lost mutation: You are vulnerable to cold. (rC-) [potion of
                  | mutation]
 70866 | Vaults:3 | Gained mutation: You are dopey. (Int -2) [potion of
                  | mutation]
 71028 | Vaults:3 | HP: 6/171 [Saint Roka/divine providence (13)]
 71567 | Vaults:3 | Killed Saint Roka
 73041 | Vaults:4 | Found the +3 hat of Pondering {ponderous, Will+ MP+10
                  | Int+5}
 73042 | Vaults:4 | Noticed Norris
 73089 | Vaults:4 | Killed Norris
 73090 | Vaults:4 | Reached skill level 15 in Conjurations
 73306 | Vaults:4 | Reached skill level 15 in Earth Magic
 74452 | Vaults:4 | Noticed Boris
 74458 | Vaults:4 | Killed Boris
 74620 | Vaults:4 | Reached skill level 15 in Ice Magic
 74639 | Vaults:4 | Found Naysesk's Jewellery Emporium.
 75267 | Slime:1  | Entered Level 1 of the Pits of Slime
 75894 | Slime:1  | Learned a level 9 spell: Polar Vortex
 76882 | Slime:1  | You fall into a shaft and drop 1 floor!
 77714 | Slime:3  | Reached XP level 22. HP: 152/178 MP: 27/45
 79348 | Slime:5  | Entered Level 5 of the Pits of Slime
 81033 | Slime:5  | Noticed the Royal Jelly
 81775 | Slime:5  | Killed the Royal Jelly
 82143 | Slime:5  | Identified the +5 falchion of Wecliski {venom, Will+}
 82147 | Slime:5  | Identified the staff of Valour {rElec rC+ Int-5 Tloc Ice}
 82181 | Slime:5  | Got a slimy rune of Zot
 82185 | Slime:5  | Identified the +7 plate armour of the Lair of Beasts {-Cast
                  | Dex+4}
 82201 | Slime:5  | Identified the amulet of Suspected Treachery {Acrobat rC+}
 82202 | Slime:5  | Identified the +2 chain mail "Ecsic" {rElec rN+}
 82826 | Vaults:5 | Entered Level 5 of the Vaults
 82837 | Vaults:5 | Noticed an ancient lich
 83088 | Vaults:5 | Killed an ancient lich
 83089 | Vaults:5 | Reached XP level 23. HP: 122/187 MP: 18/46
 83219 | Vaults:5 | Noticed an ancient lich
 83242 | Vaults:5 | Noticed a golden dragon
 83244 | Vaults:5 | Killed an ancient lich
 83246 | Vaults:5 | Killed a golden dragon
 83550 | Vaults:5 | Noticed a dread lich
 83617 | Vaults:5 | Killed a dread lich
 83618 | Vaults:5 | Reached skill level 20 in Spellcasting
 84116 | Vaults:5 | Identified the ring "Unutal" {EV+5 Slay+2}
 84227 | Vaults:5 | Noticed a golden dragon
 84233 | Vaults:5 | Killed a golden dragon
 85110 | Vaults:5 | Identified the +5 long sword of Muasem {spect, Stlth+}
 85118 | Vaults:5 | Identified the amulet "Coblima" {Acrobat rN+ SInv}
 85337 | Vaults:5 | Noticed an ancient lich
 85343 | Vaults:5 | Killed an ancient lich
 85976 | Vaults:5 | Identified the amulet of Ynwutt {Spirit rN+ Will+}
 86734 | Vaults:5 | Identified the +1 quarterstaff "Hib Nonk" {venom, Fly rF++
                  | rCorr MP-9 Dex-5}
 87378 | Vaults:5 | Identified the ring "Koidovag" {rPois Str+4}
 87523 | Vaults:5 | Identified the +0 buckler of the Past {rN+ Will++}
 87854 | Vaults:5 | Identified the staff of Xiclaabe {rPois rF- rN+ Stlth+ Summ
                  | Necro}
 87895 | Vaults:5 | Acquired 969 gold pieces
 88075 | Vaults:5 | Identified the +4 quarterstaff of Dismay {venom, rN++}
 88076 | Vaults:5 | Identified the +7 mace of Lies {freeze, rC+ rCorr}
 88150 | Vaults:5 | Got the Atlas of Decaying Ceraunoscopy
 88304 | Vaults:5 | Got a silver rune of Zot
 88312 | Vaults:5 | Got the Guidebook on Hiemal Superposition
 88351 | Vaults:5 | Found the +0 mask of the Dragon {Will+ Slay+3 SInv}
 88784 | Elf:1    | Entered Level 1 of the Elven Halls
 88936 | Elf:1    | Reached skill level 10 in Armour
 88987 | Elf:1    | Reached XP level 24. HP: 115/200 MP: 5/47
 89465 | Elf:1    | Identified the +5 demon trident of the Realm of Zot {pain,
                  | ^Contam Will+++ Str+6}
 90553 | Elf:2    | Found a runed translucent gate.
 90553 | Elf:2    | Found a runed translucent gate.
 90600 | Elf:2    | Found a runed translucent gate.
 90963 | Elf:2    | Found Tugiofio's Antique Armour Shop.
 91117 | Elf:2    | Reached skill level 10 in Shields
 92045 | Elf:2    | Learned a level 8 spell: Ignition
 92045 | Elf:2    | Upgraded the game from 0.31-a0-1581-g41d5ff3e7b to
                  | 0.31-a0-1591-g515db51633
 92303 | Depths:1 | Entered Level 1 of the Depths
 92306 | Depths:1 | Found a white marble altar of Elyvilon.
 94481 | Depths:1 | Identified the ring of the Jester {rF+ Slay+4}
 94640 | Depths:1 | Found a gateway to Hell.
 95151 | Depths:2 | Reached skill level 21 in Spellcasting
 95630 | Depths:2 | Reached XP level 25. HP: 207/207 MP: 37/48
 96283 | Depths:2 | Found a sparkling altar of Nemelex Xobeh.
 96744 | Depths:2 | Found a one-way gate leading to the halls of Pandemonium.
 97034 | Depths:3 | Reached skill level 1 in Necromancy
 97384 | Depths:3 | Found a one-way gate to the infinite horrors of the Abyss.
 97926 | Depths:3 | Found a runed translucent door.
 97926 | Depths:3 | Noticed Hauff's ghost (veteran GrEE)
 98417 | Depths:3 | Killed Hauff's ghost
 98512 | Depths:3 | Identified the staff of Equivalence {rN+ MP+9 Str+3 Necro}
 98514 | Depths:3 | Identified the +6 mace of Nolo Contendere {freeze, rElec}
 98541 | Depths:4 | Entered Level 4 of the Depths
 98829 | Depths:4 | Reached skill level 5 in Necromancy
 99005 | Depths:4 | Found Himam's General Store.
100069 | Depths:4 | Found a gate to the Realm of Zot.
100324 | Depths:4 | Found a one-way gateway to a ziggurat.
100351 | Depths:4 | Reached skill level 15 in Fire Magic
101449 | Depths:4 | Bought a scroll of enchant armour for 135 gold pieces
101665 | Zot:1    | Entered Level 1 of the Realm of Zot
102269 | Zot:1    | Identified the +2 scale mail of Inleciog {rF+}
104016 | Zot:1    | Reached XP level 26. HP: 168/215 MP: 36/48
104672 | Zot:1    | Learned a level 4 spell: Vhi's Electric Charge
104954 | Zot:2    | Noticed a Killer Klown
106212 | Zot:2    | Killed a Killer Klown
106932 | Zot:2    | Reached skill level 22 in Spellcasting
109515 | Zot:3    | Found a runed translucent door.
109515 | Zot:3    | Noticed Ryuz's ghost (legendary MeAl)
111859 | Zot:5    | Entered Level 5 of the Realm of Zot
112258 | Zot:5    | Reached XP level 27. HP: 224/224 MP: 40/49
112391 | Zot:5    | Reached skill level 23 in Spellcasting
112481 | Zot:4    | Learned a level 9 spell: Fire Storm
113326 | Zot:5    | Noticed an orb of fire
113468 | Zot:5    | Gained mutation: Your health recovers twice as slowly from
                  | being drained. [an orb of fire]
113473 | Zot:5    | Killed an orb of fire
113603 | Zot:5    | Noticed a dread lich
113607 | Zot:5    | Noticed an ancient lich
113608 | Zot:5    | Killed a dread lich
113907 | Zot:5    | Killed an ancient lich
113909 | Zot:5    | Noticed an ancient lich
113918 | Zot:5    | Killed an ancient lich
114425 | Zot:5    | Noticed an orb of fire
114451 | Zot:5    | Killed an orb of fire
115382 | Zot:5    | Noticed an orb of fire
115384 | Zot:5    | Gained mutation: You are weak. (Str -2) [an orb of fire]
115387 | Zot:5    | Gained mutation: Your magical capacity is low. (-10% MP)
                  | [an orb of fire]
115389 | Zot:5    | Killed an orb of fire
115394 | Zot:5    | Noticed a dread lich
115400 | Zot:5    | Killed a dread lich
115817 | Zot:5    | Noticed a dread lich
115827 | Zot:5    | Killed a dread lich
116335 | Zot:5    | Got the Omnibus of the Petrified Union
116509 | Zot:5    | Noticed a dread lich
116513 | Zot:5    | Killed a dread lich
116588 | Zot:5    | Identified the +5 war axe of the Endless March {vamp, Will-
                  | Str+3 Dex+2}
116787 | Zot:5    | Got the Orb of Zot
116835 | Zot:4    | Noticed a seraph
116955 | Depths:2 | Noticed Boris
116958 | Depths:2 | Killed Boris
117009 | D:15     | Noticed Xalitt the pandemonium lord
117014 | D:15     | Killed Xalitt the pandemonium lord
117324 | D:$      | Escaped with the Orb!

Illustrated notes

Levels and vault maps discovered:
D:1:      evilmike_arrival_fibonacci_small, layout_basic, minmay_misc_feat_roman
D:2:      layout_loops_ring, basic_altar, grunt_decor_resistance,
          dreamdust_mushroom_princess, nicolae_twisty_statue_hallways
D:3:      layout_rooms, bloody_makhleb, tso_metal_star,
          ebering_ecumenical_altar_petrified, nicolae_hexahallways
D:4:      layout_loops_ring, lemuel_coloured_pillars_altar, uniq_sigmund
D:5:      layout_loops_ring, mainiacjoe_overflow_boulevard, temple_statues,
          portal_sewer_entry_b, minmay_misc_feat_enclosed, chequers_big_river,
          water_maze_lemuel
D:6:      layout_loops_ring, mainiacjoe_overflow_tiny_flanked,
          yredelemnul_forgotten_temple_becter, uniq_jeremiah, uniq_maggie,
          uniq_duvessa
D:7:      layout_basic, mainiacjoe_overflow_catch_the_wave,
          nicolae_ossuary_entry_plus, hangedman_glass_teeth
D:8:      layout_basic, david_lair_generic, columned_hall_lemuel,
          nicolae_wooded_promenade, minmay_holes, uniq_erica
D:9:      layout_grid_maze, nicolae_hepliaklqana_monster_ancestors,
          nicolae_qazlal_scattered_showers, minmay_librarian
D:10:     layout_loops_ring, hiddenorc2_lemuel, enter_bailey_5
D:11:     layout_basic
D:12:     layout_loops_cross
D:13:     layout_irregular_city, grunt_vaults_entry_fortified,
          nicolae_trove_entry_columns, serial_shops, nicolae_shop_gaudy_bauble,
          uniq_urug
D:14:     layout_irregular_city, minmay_misc_feat_rugged, uniq_jorgrun
D:15:     grunt_enter_depths_magical_seal, layout_rooms,
          dreamdust_princess_bridge, vehumet_statue, uniq_nessos, uniq_agnes
Temple:   minmay_temple_forest_path
Lair:1:   layout_regular_city, basic_altar, serial_bayou_lake_a
Lair:2:   layout_cave_pods, minmay_shoals_entry_centaurs,
          alex1729_snake_entry_snake, ebering_ghost_reflecting_pool,
          nicolae_volcano_entry_lava_flow
Lair:3:   layout_chaotic_city, dreamdust_gnoll_shepherd
Lair:4:   mu_elephants_graveyard, layout_cave_pods, dpeg_slime_entry_enclosed,
          cheibrodos_lair_lostbears, uniq_sonja
Lair:5:   minmay_lair_end_frog_pond, layout_cave_pods, serial_bayou_shore_a
Shoals:1: layout_shoals, ebering_ghost_reflecting_pool, uniq_nikola, uniq_louise
Shoals:2: layout_shoals, nicolae_shoals_nymph_descending_staircase
Shoals:3: layout_shoals, gammafunk_ghost_necromancy, nicolae_shoals_wave_tunnel,
          uniq_roxanne
Shoals:4: shoals_end_hangedman, layout_shoals, nicolae_shoals_aquamancer_cove
Snake:1:  layout_rooms, uniq_aizul
Snake:2:  layout_misc_corridors, grunt_megastairs_4, minmay_shoptagon
Snake:3:  layout_basic
Snake:4:  hellmonk_snake_rune_quicksilver_temple, layout_onion,
          nrook_loot_triangle, guppyfry_library_mini, minmay_shop_star,
          uniq_bai_suzhen
Slime:1:  layout_caves
Slime:2:  layout_caves
Slime:3:  layout_caves
Slime:4:  layout_caves
Slime:5:  slime_pit_nicolae_royal_road_to_ruin
Orc:1:    layout_caves, serial_shops, shop, uniq_nergalle, uniq_harold
Orc:2:    kennysheep_orc_mage_school, layout_caves, ebering_ghost_xom,
          nicolae_orc_pool_cavern
Elf:1:    layout_geoelf_octagon, mu_enter_wizlab_5, nicolae_elf_blasts_and_bolts
Elf:2:    elven_hall_of_blades_hangedman_original
          [nicolae_blade_entry_sentries_behind_glass], layout_onion_city,
          serial_shops, shop_coins
Vaults:1: hangedman_vaults_nodes, vaults_dpeg_spiral, st_diamondy,
          nicolae_vaults_diagonal_hallway_8,
          nicolae_vaults_offset_grid_hallway_2, nicolae_vaults_double_plus_2,
          ontoclasm_vaults_fault, v_misc_2, vaults_dpeg_encased_lava,
          nicolae_vaults_more_shelving_1, ontoclasm_vaults_gateway,
          layout_vaults_quadrants
Vaults:2: nicolae_vaults_network_star, blue_anna_dwarven_crypt,
          ontoclasm_vaults_ligature, dpeg_vaults_monster_row, v_rooms_3,
          v_alt_pattern_2, nicolae_vaults_frosty_reception,
          grunt_vaults_bifocal, ontoclasm_vaults_idyll,
          vaults_room_stairs_pillars, vaults_room_grunt_arrival_checkpoint,
          nicolae_vaults_specimen_jars, nicolae_vaults_trapezoid_lopsided_3,
          layout_vaults_ring, serial_shops, nicolae_shop_behind_doors,
          nicolae_shop_hallway_plus, shop, nicolae_shop_tiny_glass
Vaults:3: nicolae_vaults_offset_grid_hallway_2, st_greater_box_1,
          vaults_room_fancy_cross, nicolae_vaults_door_testing_chamber,
          v_misc_3, nicolae_vaults_closet_pinwheel_2, minmay_orc_keep,
          hangedman_vaults_unwind, layout_vaults_maze_bifur, serial_shops, shop,
          uniq_saint_roka
Vaults:4: nicolae_vaults_shelves_hall, ontoclasm_vaults_bender,
          nicolae_vaults_ring_of_whatevers, nicolae_vaults_closet_pinwheel_5,
          v_rooms_5, vaults_room_boxed, nicolae_vaults_surprise_closet,
          v_misc_5, v_misc_12, nicolae_vaults_house_1, v_alt_pattern_4,
          layout_vaults_omnicross, serial_shops, shop, uniq_norris, uniq_boris
Vaults:5: serial_shops
Depths:1: grunt_house_of_mirrors, layout_cave_shapes, serial_bayou_ford_a,
          grunt_hell_entry_dis_old, nicolae_concentric_dashed_squares_wild,
          nicolae_elyvilon_peaceful_grove
Depths:2: regret_index_nemelex_summoning_deck_glade, layout_cave_pools,
          grunt_pan_entry_sceptre, hell_entry, amcnicky_mini_pool_small
Depths:3: kennysheep_ambush_hall, layout_cave_pools, minmay_crystal_room,
          abyss_entry, ebering_ghost_reflecting_pool, hell_entry,
          minmay_staircase_windowed_small
Depths:4: grunt_x_marks_the_spot, layout_gridlike, enter_ziggurat_a,
          serial_shops, shop, hex_intersection, grunt_mini_vestibule
Zot:1:    infiniplex_zot_generator, layout_gridlike,
          regret_index_zotdec_abyssal_contain_seething_sorcery
Zot:2:    grunt_twist_and_shout, layout_onion_interference
Zot:3:    layout_concentric_octagons, ebering_ghost_inner_flame,
          regret_index_zotdec_onion_hex, regret_index_zotdec_glowing_original,
          grunt_ministairs_9
Zot:4:    layout_onion
Zot:5:    layout_misc_corridors

Skill      XL: |  1  2  3  4  5  6  7  8  9 10 11 12 13 14 15 16 17 18 19 20 21 22 23 24 25 26 27 |
---------------+----------------------------------------------------------------------------------+-----
Spellcasting   | 3 6 7 10 11 13 15 16 18 19 20 21 22 23 | 23.0
Ice Magic      | 5 6 7 8 9 13 14 17 21 22 | 22.0
Fighting       | 1 2 3 4 5 6 7 8 9 10 11 12 13 15 16 17 18 19 20 | 20.0
Stealth        | 2 3 |  3.0
Armour         | 2 3 4 6 7 8 10 13 | 13.0
Dodging        | 3 8 10 11 12 13 | 13.0
Conjurations   | 1 6 7 9 10 11 12 13 14 15 16 17 18 19 | 19.6
Earth Magic    | 4 7 9 10 11 13 14 15 | 15.0
Translocations | 3 |  3.0
Invocations    | 3 7 8 9 |  9.8
Fire Magic     | 4 9 10 11 16 17 | 17.7
Shields        | 6 8 10 13 | 13.0
Polearms       | 8 |  8.0
Necromancy     | 5 |  5.0

Action                     |  1- 3 |  4- 6 |  7- 9 | 10-12 | 13-15 | 16-18 | 19-21 | 22-24 | 25-27 || total
---------------------------+-------+-------+-------+-------+-------+-------+-------+-------+-------++-------
  Melee: Rapier            |     9 |    51 |   104 |   130 |   253 |   452 |    45 |    15 |    14 ||  1073
         Unarmed           |     1 |       |       |       |       |       |       |       |       ||     1
         Punch             |       |       |     1 |     2 |     5 |     3 |       |     1 |       ||    12
         Trident           |       |       |       |       |       |       |   334 |    81 |    29 ||   444
         Staff             |       |       |       |       |       |       |    16 |     6 |     4 ||    26
  Throw: Dart              |       |       |       |       |       |     1 |       |       |       ||     1
   Cast: Freeze            |    38 |    37 |    15 |     1 |       |       |       |       |       ||    91
         Frozen Ramparts   |     3 |    14 |    42 |    67 |    58 |    86 |     4 |       |       ||   274
         Ozocubu's Armour  |       |     2 |    11 |    20 |    38 |    75 |     3 |       |       ||   149
         Hailstorm         |       |       |     5 |    17 |     4 |       |       |       |       ||    26
         Stone Arrow       |       |       |    16 |   147 |   183 |    97 |    49 |    25 |    24 ||   541
         Lesser Beckoning  |       |       |       |    12 |    13 |    96 |    13 |     1 |     1 ||   136
         Bombard           |       |       |       |     3 |    31 |   125 |   149 |    32 |    51 ||   391
         Fireball          |       |       |       |       |    26 |    60 |    85 |    10 |    32 ||   213
         Blink             |       |       |       |       |     1 |     7 |    10 |       |     1 ||    19
         Irradiate         |       |       |       |       |       |    19 |    15 |     5 |     7 ||    46
         Sublimation of Bl |       |       |       |       |       |    60 |    52 |    16 |    53 ||   181
         Petrify           |       |       |       |       |       |     1 |       |       |       ||     1
         Ozocubu's Refrige |       |       |       |       |       |   111 |   303 |   295 |   221 ||   930
         Lehudib's Crystal |       |       |       |       |       |       |    12 |    52 |   144 ||   208
         Polar Vortex      |       |       |       |       |       |       |       |    51 |    82 ||   133
         Vhi's Electric Ch |       |       |       |       |       |       |       |       |     2 ||     2
 Invoke: Slouch            |       |       |       |       |       |     1 |     1 |       |       ||     2
         Bend Time         |       |       |       |       |       |       |     1 |       |       ||     1
Ability: Hop               |       |       |     1 |     1 |     7 |    13 |     6 |       |     5 ||    33
  Evoke: Wand              |       |       |       |     2 |       |     1 |       |       |     4 ||     7
         Phantom mirror    |       |       |       |       |       |     1 |     1 |       |       ||     2
         Condenser vane    |       |       |       |       |       |       |     1 |     1 |       ||     2
         Box of beasts     |       |       |       |       |       |       |     1 |       |       ||     1
         Lightning rod     |       |       |       |       |       |       |       |     2 |       ||     2
    Use: Scroll            |       |       |     7 |    11 |     5 |    16 |     8 |     5 |    13 ||    65
         Potion            |       |       |     1 |     1 |     4 |     6 |    10 |     4 |     9 ||    35
   Stab: Sleeping          |     1 |     2 |     1 |       |     1 |       |     1 |       |       ||     6
         Distracted        |     1 |     1 |       |       |       |       |     1 |       |       ||     3
         Petrified         |       |       |       |       |       |       |     4 |       |       ||     4
         Petrifying        |       |       |       |       |       |       |     1 |       |       ||     1
 Armour: Robe              |    17 |    10 |       |       |       |       |       |       |       ||    27
         Ring mail         |       |    28 |   138 |   161 |   327 |   496 |   301 |   174 |   247 ||  1872
  Dodge: Dodged            |    22 |    78 |   275 |   341 |   642 |   798 |   197 |   144 |   249 ||  2746
  Block: Other             |       |       |       |       |    58 |    90 |       |    16 |       ||   164
         Reflection        |       |       |       |       |     5 |    74 |    79 |    34 |       ||   192
         Kite shield       |       |       |       |       |       |   550 |   817 |   215 |   310 ||  1892

Table legend: (Time is in decaauts)
 A = Elapsed time spent in this place.
 B = Non-inter-level travel time spent in this place.
 C = Inter-level travel time spent in this place.
 D = Time resting spent in this place.
 E = Time spent auto-exploring this place.
 F = Levels seen in this place.
 G = Mean time per level.
                   A        B        C        D        E       F      G
               +--------+--------+--------+--------+--------+-----+--------+
         Total | 170623 | 153521 |  17102 |  36431 |  97423 |  54 | 3159.7 |
       Dungeon |  35759 |  30515 |   5244 |   5374 |  21221 |  15 | 2383.9 |
        Temple |      1 |      1 |      0 |      0 |      0 |   1 |    1.0 |
          Lair |  19409 |  17031 |   2378 |   3069 |  11722 |   5 | 3881.8 |
        Shoals |  12499 |  11723 |    776 |   1626 |   8927 |   4 | 3124.8 |
     Snake Pit |  14059 |  12855 |   1204 |   3992 |   6930 |   4 | 3514.8 |
    Slime Pits |  10952 |   9524 |   1428 |   2856 |   5807 |   5 | 2190.4 |
  Orcish Mines |   6698 |   5944 |    754 |   2405 |   2538 |   2 | 3349.0 |
   Elven Halls |   5468 |   4976 |    492 |    248 |   4071 |   2 | 2734.0 |
        Vaults |  29421 |  27115 |   2306 |   5729 |  18351 |   5 | 5884.2 |
        Depths |  13485 |  12597 |    888 |   2552 |   8493 |   4 | 3371.2 |
           Zot |  21446 |  19818 |   1628 |   8155 |   8698 |   5 | 4289.2 |
       Ossuary |    456 |    456 |      0 |    201 |    135 |   1 |  456.0 |
        Bailey |    966 |    966 |      0 |    221 |    524 |   1 |  966.0 |
               +--------+--------+--------+--------+--------+-----+--------+

Top non-repeatable levels by time:
Vaults:4: 7168 daAuts
   Zot:1: 7011 daAuts
Vaults:3: 6079 daAuts
Vaults:1: 5985 daAuts
  Lair:2: 5838 daAuts
Vaults:2: 5753 daAuts
    D:13: 5418 daAuts
 Snake:4: 4868 daAuts
  Lair:4: 4625 daAuts
   Zot:5: 4593 daAuts
Depths:1: 4527 daAuts
Vaults:5: 4435 daAuts
   Orc:2: 4379 daAuts
Shoals:4: 4290 daAuts
  Lair:5: 4218 daAuts
